 Dungeon Crawl Stone Soup version 0.27-a0-695-gb4952372f7 (webtiles) character file.

Game seed: 4210725222993722586

70 Gaff the Vandal (level 4, -3/29 HPs)
             Began as a Halfling Hunter on Mar 21, 2021.
             Slain by a goblin
             ... wielding a +0 club
             ... led by Robin
              (5 damage)
             ... on level 2 of the Dungeon.
             The game lasted 00:05:33 (2234 turns).

Gaff the Vandal (Halfling Hunter)                   Turns: 2234, Time: 00:05:34

Health: -3/29      AC:  4    Str: 14    XL:     4   Next: 45%
Magic:  4/4        EV: 14    Int:  9    God:
Gold:   87         SH:  0    Dex: 14    Spells: 3/3 levels left

rFire    . . .     SeeInvis .   b - +0 short sword
rCold    . . .     Faith    .   (shield restricted)
rNeg     . . .     Spirit   .   c - +1 leather armour
rPois    .         Reflect  .   (no helmet)
rElec    .         Harm     .   (no cloak)
rCorr    .         Rampage  .   (no gloves)
Will     .....                  (no boots)
Stlth    ++........             (no amulet)
HPRegen  0.09/turn              (no ring)
MPRegen  0.09/turn              (no ring)

@: no status effects
A: small, no large weapons, mutation resistance 1
a: no special abilities


You were on level 2 of the Dungeon.
You visited 1 branch of the dungeon, and saw 2 of its levels.

You collected 87 gold pieces.

Inventory:

Hand Weapons
 a - a +1 hunting sling
 b - a +0 short sword (weapon)
Missiles
 d - 19 sling bullets
 h - 37 stones (quivered)
 i - 2 atropa-tipped darts
Armour
 c - a +1 leather armour (worn)
Jewellery
 m - a ring of wizardry
Scrolls
 l - a scroll of acquirement
Potions
 e - 2 potions of cancellation {unknown}
 f - 2 potions of curing {unknown}
 j - a potion of attraction {unknown}
 k - 2 potions of brilliance {unknown}
 n - a potion of invisibility {unknown}


   Skills:
 - Level 1.7 Fighting
 * Level 7.4 Slings
 + Level 0.5 Armour
 - Level 2.1 Dodging
 + Level 2.7 Stealth


You had 3 spell levels left.
You didn't know any spells.
Your spell library was empty.

Dungeon Overview and Level Annotations

Branches:
Dungeon (2/15)

Altars:
Kikubaaqudgha

Annotations:
D:2 Robin


Innate Abilities, Weirdness & Mutations

You are small and have problems with some larger weapons.
You are somewhat resistant to further mutation.


Message History

The hobgoblin misses you. Robin throws the goblin at you!
You hit the goblin.
You kill the goblin!
The hobgoblin no longer looks unusually strong.
The hobgoblin misses you.
A goblin comes into view.
The goblin hits you.
Robin says, "My army is invincible!"
Robin throws the goblin at you!
You barely miss the goblin. The goblin closely misses you.
The hobgoblin hits you with a +0 club.
* * * LOW HITPOINT WARNING * * *
The goblin closely misses you.
Robin roars a battlecry!
The goblins go into a battle-frenzy!
The goblin misses you.
This is a scroll of acquirement!
As you read the scroll labelled ATIPHE IPTE, it crumbles to dust.
It is a scroll of enchant armour.
Your +0 leather armour glows green for a moment.
The hobgoblin closely misses you. The goblin barely misses you.
The goblin closely misses you.
You barely miss the goblin.
The goblin no longer looks unusually strong.
The hobgoblin hits you with a +0 club.
* * * LOW HITPOINT WARNING * * *
The goblin barely misses you. The goblin hits you with a +0 club.
* * * LOW HITPOINT WARNING * * *
Unknown command.
You closely miss the goblin.
The goblin no longer looks unusually strong.
The hobgoblin closely misses you. The goblin hits you.
* * * LOW HITPOINT WARNING * * *
The goblin misses you.
You hit the goblin but do no damage.
The hobgoblin hits you but does no damage.
The goblin hits you.
* * * LOW HITPOINT WARNING * * *
The goblin hits you with a +0 club.
You die...

#........#######.#...#...#...#
#..........................÷.#
#..).....#########.#.#...##..#
###).......#...........#...##..#
...#########.#######.###...##(.##
...##...# #.# #.# #...##...#
...##...# #.# #####.###...##...#
...##...# #.# #gg.........##....
...##...# #.# #@#.............#.
...##...####.# #g#.........##.##.
.............# #g#.........##.##.
############## #g#.........##.###
#.#.........##.# #
#.#######g......######.# #
..................# ##†###
..#######(.######.# #)....
######..#......# #.....


You could see Robin, a hobgoblin (strong) and 4 goblins.

Vanquished Creatures
  4 adders (D:2)
  3 orcs (D:2)
  2 ball pythons
  A giant cockroach (D:2)
  3 goblins (D:2)
  4 hobgoblins (D:1)
  3 jackals (D:1)
  6 kobolds
  A quokka (D:2)
  2 bats (D:1)
  2 rats
31 creatures vanquished.

Notes
Turn   | Place    | Note
-------+----------+-------------------------------------------
     0 | D:1      | Gaff the Halfling Hunter began the quest for the Orb.
     0 | D:1      | Reached XP level 1. HP: 14/14 MP: 1/1
   165 | D:1      | Reached skill level 6 in Slings
   189 | D:1      | Reached XP level 2. HP: 4/19 MP: 2/2
  1351 | D:2      | Reached XP level 3. HP: 21/24 MP: 3/3
  1432 | D:2      | Reached skill level 7 in Slings
  1793 | D:2      | Reached XP level 4. HP: 29/29 MP: 4/4
  1861 | D:2      | Found an ancient bone altar of Kikubaaqudgha.
  1936 | D:2      | Noticed Robin
  2231 | D:2      | Identified a scroll of acquirement
  2234 | D:2      | Slain by a goblin

Illustrated notes

Levels and vault maps discovered:
D:1:      shiori_arrival_oz, layout_basic, st_stairs_7
D:2:      layout_basic, marbit_many_paths, uniq_robin

Skill      XL: |  1  2  3 |
---------------+----------+-----
Slings         | 6 7 |  7.4
Stealth        | 2 |  2.7
Fighting       | |  1.7
Armour         | |  0.5
Dodging        | |  2.1

Action                   |  1- 3 |  4- 6 || total
-------------------------+-------+-------++-------
Melee: Short sword       |    93 |    27 ||   120
 Fire: Hunting sling     |    11 |     6 ||    17
  Use: Scroll            |       |     1 ||     1
 Stab: Sleeping          |     2 |       ||     2
Armor: Leather armour    |    14 |     8 ||    22
Dodge: Dodged            |    80 |    24 ||   104

Table legend: (Time is in decaauts)
 A = Elapsed time spent in this place.
 B = Non-inter-level travel time spent in this place.
 C = Inter-level travel time spent in this place.
 D = Time resting spent in this place.
 E = Time spent auto-exploring this place.
 F = Levels seen in this place.
 G = Mean time per level.
                   A        B        C        D        E       F      G
               +--------+--------+--------+--------+--------+-----+--------+
         Total |   2238 |   2189 |     49 |    858 |    922 |   2 | 1119.0 |
       Dungeon |   2238 |   2189 |     49 |    858 |    922 |   2 | 1119.0 |
               +--------+--------+--------+--------+--------+-----+--------+

Top non-repeatable levels by time:
     D:1: 1501 daAuts
     D:2: 736 daAuts
